[Event "15th Paleochora Open 2022"]
[Site "Paleochora"]
[Date "2022.07.17"]
[Round "1.1"]
[White "Alexakis, Dimitrios"]
[Black "Yilmaz, Mustafa"]
[Result "0-1"]
[ECO "B90"]
[WhiteElo "2070"]
[BlackElo "2634"]
[Annotator "TA"]
[PlyCount "58"]
[EventDate "2022.07.17"]
[EventType "swiss"]
[EventCountry "GRE"]
[SourceTitle "playchess.com"]
[Source "ChessBase"]
[SourceQuality "1"]
[TimeControl "40/5400+30:900+30"]

1. e4 c5 2. Nf3 d6 3. d4 cxd4 4. Nxd4 Nf6 5. Nc3 a6 6. Rg1 b5 7. g4 {[%emt 0:02:19] B90: Sicilian Najdorf: Unusual White 6th moves, 6 Be3 Ng4 and 6 Be3 e5.} Bb7 8. Bg2 g6 $5 {[%emt 0:23:03][%mdl 4] An interesting side line.} 9. e5 {[%emt 0:14:51] The position is equal.} Bxg2 10. exf6 Bb7 {[%emt 0:00:23] [#]} 11. Qe2 $146 (11. Bg5 $11) ({Predecessor:} 11. Bg5 b4 12. fxe7 Bxe7 13. Bxe7 Qxe7+ 14. Nce2 O-O 15. Qd2 a5 16. O-O-O Nd7 17. Ng3 {½-½ (47) Shubin,K (2441)-Kobalia,M (2590) Sochi 2020}) 11... e5 12. g5 (12. a3 $1 $15) 12... b4 $17 13. Ne4 {[%emt 0:08:58][%cal Oc2c4] [#]} Nd7 ({Black should try} 13... d5 $1 $17 14. Nd2 Bd6) 14. Bd2 d5 $36 {[%emt 0:03:00][%mdl 2048] Black has strong initiative.} 15. Ng3 Qb6 16. Nb3 (16. Nf3 $17 {was called for.} e4 17. Bf4) 16... a5 $19 17. Be3 Qc6 18. O-O-O a4 19. Nd4 exd4 20. Bxd4+ {[%emt 0:04:27] [#]} Kd8 $1 ({Inferior is} 20... Qe6 21. Qxe6+ fxe6 22. f7+ Kxf7 23. Bxh8 $15) 21. Rge1 Bd6 22. Kb1 Kc7 23. c4 (23. h3 $142) 23... dxc4 {[%emt 0:02:08] Black is clearly winning.} 24. Be3 Rhe8 25. Rxd6 Qxd6 26. Qxc4+ Bc6 27. Rc1 {[%emt 0:01:15] [#]} Rxe3 $1 28. fxe3 Ne5 29. Qh4 a3 {[%emt 0:01:03] Weighted Error Value: White=0.56/Black=0.05 (flawless)} 0-1

[Event "15th Paleochora Open 2022"]
[Site "Paleochora"]
[Date "2022.07.17"]
[Round "1.2"]
[White "Bernadskiy, Vitaliy"]
[Black "Gennari, Jacopo"]
[Result "1-0"]
[ECO "C02"]
[WhiteElo "2610"]
[BlackElo "2065"]
[Annotator "TA"]
[PlyCount "65"]
[EventDate "2022.07.17"]
[EventType "swiss"]
[EventCountry "GRE"]
[SourceTitle "playchess.com"]
[Source "ChessBase"]
[SourceQuality "1"]
[TimeControl "40/5400+30:900+30"]

1. e4 e6 2. d4 d5 3. e5 c5 4. c3 Nc6 5. Nf3 Qb6 6. Be2 cxd4 7. cxd4 f6 {[%emt 0:02:43] C02: French: Advance Variation.} (7... Nge7 $11 {keeps the balance.}) 8. Nc3 Bb4 9. O-O Bd7 {[%emt 0:04:14] White is better.} 10. Be3 {[%emt 0:01:40] [#]} Nge7 $146 {[%emt 0:08:36] [#]} (10... Qd8 $16 {might work better.}) ({Predecessor:} 10... Bxc3 11. bxc3 Qc7 12. c4 fxe5 13. cxd5 exd5 14. dxe5 Nge7 15. Bc5 O-O 16. Rc1 Qa5 {½-½ (25) Nickel,R (2065)-Mager,T (1754) Eschborn 2017}) 11. Na4 $1 $18 Qd8 {[%emt 0:03:07] [#]} 12. a3 $1 $36 {[%emt 0:00:06][%mdl 2048] Keeping Black busy.} Ba5 13. exf6 gxf6 14. Nc5 Bb6 (14... Qc7 $142 15. Bd3 Bb6) 15. Nxb7 Qc7 16. Nc5 Bxc5 17. dxc5 e5 18. Nh4 d4 19. Bh6 Nf5 20. Nxf5 Bxf5 21. Bb5 O-O-O 22. Qf3 Bd7 23. Bg7 {[%emt 0:00:27] This bishop pair is nice.} Rhg8 24. Bxf6 {[%emt 0:00:05] Chess con chili.} Rdf8 25. Ba6+ Kb8 26. Qb3+ Ka8 {[%emt 0:00:22] White must now prevent ...Na5.} 27. Bh4 $2 (27. Qd5 $18 {and White stays clearly on top.}) 27... h5 $2 (27... Na5 $16 {was necessary.} 28. Qd3 (28. Qd5+ $2 Bc6 $19) 28... Qc6) 28. Qd5 Kb8 29. Rfe1 Rg4 30. Bg3 Rfg8 (30... Rg6 $142 31. Bb5 a6 32. Bxa6 h4 33. Bxh4 Be6) 31. Rxe5 {[%emt 0:02:20] White is clearly winning.} Rxg3 32. hxg3 Rd8 33. Rg5 {[%emt 0:00:52] Black did not feel at home in the position after the opening.  Weighted Error Value: White=0.15 (very precise) /Black=0.48} 1-0

[Event "15th Paleochora Open 2022"]
[Site "Paleochora"]
[Date "2022.07.17"]
[Round "1.3"]
[White "Simonetto, Alessio"]
[Black "Banikas, Hristos"]
[Result "0-1"]
[ECO "A45"]
[WhiteElo "2064"]
[BlackElo "2598"]
[Annotator "TA"]
[PlyCount "86"]
[EventDate "2022.07.17"]
[EventType "swiss"]
[EventCountry "GRE"]
[SourceTitle "playchess.com"]
[Source "ChessBase"]
[SourceQuality "1"]
[TimeControl "40/5400+30:900+30"]

1. d4 Nf6 2. Bf4 g6 3. Nc3 d5 4. h4 h5 5. e3 Bg7 6. Nf3 {[%emt 0:00:31] A45: Trompowsky Attack.} Bg4 7. Qd2 c6 {[%emt 0:09:41] [#]} 8. Ng5 $146 {[%emt 0:01:43] White is slightly better.} ({Predecessor:} 8. Ne5 Nbd7 9. Nxg4 Nxg4 10. f3 Ngf6 11. O-O-O Qa5 12. Kb1 Nb6 13. Bd3 O-O-O 14. Be5 {1-0 (42) Mitrabha,G (2498)-Kovalev,V (2634) Chess.com INT 2021}) 8... Nh7 9. Nxh7 Rxh7 10. Bd3 (10. f3 $5 Be6 11. Be2 $14) 10... Nd7 11. f3 Be6 12. O-O-O b5 13. Ne2 Qb6 14. Kb1 c5 15. dxc5 (15. c3 $16) 15... Nxc5 $11 16. Qb4 (16. Bg5 $5 ) 16... a6 (16... Nxd3 $11 17. cxd3 a5) 17. Nc3 (17. Bg5 $1 $14) 17... Rc8 18. Bg5 Qb7 19. Ne2 Nxd3 20. cxd3 f6 (20... Qc7 21. Rc1 Qd6 22. Qa5 $14) 21. Bf4 (21. Nd4 $2 Bd7 22. Bf4 e5 $19) 21... Kf7 (21... Qc6 22. Nd4 Qb6 23. Rc1 $16) 22. Rc1 {[%emt 0:03:26] And now Rxc8 would win.} Rhh8 23. Qa5 Bf5 $36 {[%emt 0:00:17][%mdl 2048] Black is really pushing. White is on the road to losing.} 24. Qd2 ({Much weaker is} 24. e4 dxe4 25. dxe4 {[#]} (25. Rxc8 $2 Rxc8 26. dxe4 Bxe4+ 27. Ka1 Rc2 $19) 25... Bxe4+ $1 26. Ka1 Bd3 $17) 24... e5 25. Bh2 b4 26. Ka1 Qb5 {[%emt 0:04:27] Black is more active.} 27. d4 (27. Rxc8 $17 Rxc8 28. e4) 27... Bd3 $19 28. Rxc8 Rxc8 29. Rc1 {[%emt 0:00:03] Against Rc2} Rxc1+ 30. Nxc1 Bf5 31. b3 (31. Bg3 {is a better defense.}) 31... Qf1 32. Kb2 $2 (32. dxe5 {was called for.} Ke6 33. f4 (33. e4 $2 dxe4 34. g4 hxg4 $19)) 32... exd4 33. exd4 {[%emt 0:00:11] [#]} (33. Bf4 {is the only way for White.} g5 34. Bd6) 33... Bh6 $1 34. f4 Be4 35. g3 (35. Qe2 $142 Qh1 36. Bg3) 35... Bf8 36. Qe2 Qh1 37. g4 hxg4 38. Bg3 Qf3 39. Be1 {[%emt 0:00:26] Inhibits Qc3+.} Qxf4 {[%emt 0:01:26] ( -> ...Bh6)} 40. Bd2 Qf3 {[%emt 0:00:00][%cal Of8h6] Hoping for ...Bh6!} 41. Qxa6 Qd1 42. Qb7+ Kg8 43. Bxb4 Bxb4 {[%emt 0:01:30] Weighted Error Value: White=0.73/Black=0.13 (very precise)} 0-1

[Event "15th Paleochora Open 2022"]
[Site "Paleochora"]
[Date "2022.07.17"]
[Round "1.4"]
[White "Tsarsitalidis, Konstantinos"]
[Black "Ali Marandi, Cemil Can"]
[Result "1/2-1/2"]
[ECO "B32"]
[WhiteElo "2059"]
[BlackElo "2561"]
[Annotator "TA"]
[PlyCount "127"]
[EventDate "2022.07.17"]
[EventType "swiss"]
[EventCountry "GRE"]
[SourceTitle "playchess.com"]
[Source "ChessBase"]
[SourceQuality "1"]
[TimeControl "40/5400+30:900+30"]

1. e4 c5 2. Nf3 Nc6 3. d4 cxd4 4. Nxd4 e5 5. Nb5 d6 6. N1c3 a6 7. Na3 b5 8. Nd5 Nge7 9. Ne3 {[%emt 0:00:06] B32: Sicilian: Löwenthal and Kalashnikov Variations.} (9. c4 $14) 9... g6 $11 10. g3 Bg7 11. Bg2 O-O 12. O-O Be6 13. c3 f5 14. exf5 gxf5 15. Nd5 Nxd5 16. Bxd5 {[%emt 0:00:55] [#]} Qd7 $146 ({Predecessor:} 16... Qe8 17. Nc2 f4 18. a4 b4 19. Nxb4 Nxb4 20. cxb4 Rb8 21. Qb3 Bxd5 22. Qxd5+ Kh8 {1-0 (35) Dobos,J (2360)-Schneider,A (2425) Eger 1990}) 17. f4 Rad8 18. Nc2 Ne7 ({Black should play} 18... a5 $11) 19. Bxe6+ $14 Qxe6 20. Qe2 (20. a4 $14) 20... Nd5 $11 21. a4 Rb8 22. axb5 axb5 23. Ra7 Rfe8 24. Rd1 Nf6 (24... b4 $1 $11) 25. Qd3 $16 Bf8 26. Ra6 Qc8 27. Nb4 Ne4 28. Be3 Kh8 29. Qd5 Bg7 (29... Qc4 $14) 30. Ra7 Qe6 31. Qxe6 Rxe6 32. Rf7 Nf6 {[%emt 0:02:43] [#]} 33. Nc6 {[%emt 0:03:06] 0x0.002028549971dp-1022s more active pieces.} (33. Na6 $1 $16 Rf8 34. Rxf8+ Bxf8 35. Nc7) 33... Rbe8 $14 34. fxe5 dxe5 35. Nd8 Ra6 36. Rb7 {[%emt 0:00:18] Strongly threatening Nf7+.} f4 37. Bb6 Bf8 38. Kg2 {[%emt 0:02:10] aiming for gxf4.} Ra2 (38... Ng4 $11 {remains equal.} 39. Re1 Rxb6 40. Nf7+ Kg7 41. Rxb6 e4 42. gxf4 Kxf7) 39. Nf7+ Kg8 {[%emt 0:00:19] [#]} 40. Re1 (40. gxf4 $1 $16 {Threatens to win with Rg1.} Rxb2+ 41. Kh3) 40... Rxb2+ {[%emt 0:00:00] The position is equal.} 41. Kh3 $1 f3 {[%emt 0:10:19] White must now prevent ...e4.} 42. Rxe5 {[%emt 0:02:59] White threatens Rg5+ and mate. Chess con chili.} Rxh2+ 43. Kxh2 Ng4+ 44. Kg1 {[%emt 0:00:04] White wants to mate with Nh6+.} Nxe5 45. Nxe5 Rxe5 $11 {[%emt 0:00:05][%mdl 4096] Endgame KRB-KRB} 46. Kf2 Bc5+ 47. Kxf3 Re3+ 48. Kf4 Rxc3 49. Bxc5 Rxc5 {[%emt 0:00:06] KR-KR} 50. Kg4 h5+ 51. Kf4 Kf8 52. Rh7 Ke8 53. Ke4 Kd8 54. Rg7 Kc8 55. Kd4 Rc4+ 56. Kd5 Rc1 57. Kd4 b4 {[%emt 0:05:41] And now ...b3 would win.} 58. Rg5 Kc7 (58... b3 $5 59. Rb5 Rb1 $11) 59. Rb5 Rg1 60. Kc4 Rxg3 61. Rxh5 b3 62. Rb5 Kc6 {[%emt 0:00:35] Hoping for ...Rg4+.} 63. Rxb3 Rxb3 64. Kxb3 {[%emt 0:00:03] Weighted Error Value: White=0.12 (very precise) /Black=0.15 (very precise)} 1/2-1/2

[Event "15th Paleochora Open 2022"]
[Site "Paleochora"]
[Date "2022.07.17"]
[Round "1.5"]
[White "Basso, Pier Luigi"]
[Black "Musil, Miroslav"]
[Result "1-0"]
[ECO "D46"]
[WhiteElo "2561"]
[BlackElo "2049"]
[Annotator "TA"]
[PlyCount "39"]
[EventDate "2022.07.17"]
[EventType "swiss"]
[EventCountry "GRE"]
[SourceTitle "playchess.com"]
[Source "ChessBase"]
[SourceQuality "1"]
[TimeControl "40/5400+30:900+30"]

1. d4 d5 2. c4 c6 3. Nf3 Nf6 4. Nc3 e6 5. Bg5 Be7 6. e3 Nbd7 7. Bd3 b6 8. O-O Bb7 9. Qe2 O-O 10. e4 $5 {[%emt 0:07:37][%mdl 4] An interesting side line.} dxe4 11. Nxe4 Nxe4 {[%emt 0:05:28] D46: Semi-Slav: 5 e3 Nbd7 6 Bd3, Black avoids the Meran.} 12. Qxe4 {[%emt 0:02:39][%csl Gd3][%cal Re4h7] [#]} g6 13. Qh4 Re8 {[%emt 0:00:00] The position is equal.} 14. Rfe1 Nf8 15. Rad1 Bxg5 ({Better is} 15... c5 $11) 16. Nxg5 $14 Kg7 {[%emt 0:05:55] [#]} 17. Qg3 $146 {[%emt 0:00:25] 0x0.00198858a92edp-1022s more active pieces. The black rooks are badly placed.} ({Predecessor:} 17. Qf4 Qf6 18. Qxf6+ Kxf6 19. Ne4+ Ke7 20. c5 Red8 21. Nd6 Rab8 22. b4 {1-0 (42) Studeny,S (2210)-Rausch,S (2295) Germany 1996}) 17... Qd7 $2 (17... Qb8 $16 {might work better.}) 18. Ne4 $18 {[%emt 0:02:37] Black must now prevent Qe5+.} Qe7 19. Nd6 Red8 $2 {[%emt 0:00:34] [#]} (19... Kg8 20. Nxe8 Rxe8) 20. Nf5+ $1 {[%emt 0:00:34][%mdl 512] Black got outplayed after the opening.  Weighted Error Value: White=0.10 (very precise) /Black=0.55} 1-0

[Event "15th Paleochora Open 2022"]
[Site "Paleochora"]
[Date "2022.07.17"]
[Round "1.6"]
[White "Petrakis, Stylianos"]
[Black "Meshkovs, Nikita"]
[Result "0-1"]
[ECO "B31"]
[WhiteElo "2049"]
[BlackElo "2535"]
[Annotator "TA"]
[PlyCount "72"]
[EventDate "2022.07.17"]
[EventType "swiss"]
[EventCountry "GRE"]
[SourceTitle "playchess.com"]
[Source "ChessBase"]
[SourceQuality "1"]
[TimeControl "40/5400+30:900+30"]

1. e4 c5 2. Nf3 Nc6 3. Bb5 g6 4. O-O Bg7 5. Re1 e5 6. d3 Nge7 7. Be3 {[%emt 0:11:06] B31: Sicilian: 2...Nc6 3 Bb5 g6.} d6 8. h3 {[%emt 0:00:22] [#]} a6 $146 ({Predecessor:} 8... O-O 9. c3 a6 10. Ba4 Qa5 11. Nbd2 Bd7 12. b4 cxb4 13. Nc4 Qc7 14. Bb6 Qb8 15. cxb4 {0-1 (38) Klimpel,T (2128)-Vuckovic,A (2328) Ditzingen 2005}) 9. Ba4 {[%emt 0:02:29] The position is equal.} b5 10. Bb3 Na5 11. Nc3 Nxb3 12. axb3 Bb7 13. Qd2 h6 14. Nh2 g5 {[%emt 0:01:33] Prevents f4.} (14... f5 $17 {Hoping for ...f4.} 15. f3 f4) 15. Qd1 O-O 16. h4 f6 ({Much less strong is} 16... gxh4 17. Qh5 $14) ({Much weaker is} 16... b4 17. hxg5 bxc3 18. gxh6 $14) (16... f5 $1 $15) 17. Qh5 Qe8 18. Qxe8 Raxe8 19. g4 (19. hxg5 $1 $11 hxg5 20. Nf1) 19... gxh4 $15 20. Nf3 Ng6 ({Better is} 20... h5 $15 21. gxh5 b4) 21. Kg2 $11 b4 22. Na4 Kf7 23. Rh1 Rg8 24. Nxh4 Nxh4+ 25. Rxh4 {[%emt 0:00:05] Strongly threatening f3.} f5 $1 26. f3 fxg4 27. fxg4 Re6 28. Rf1+ Ke8 29. Rh5 Bf8 30. Kh3 Reg6 {[%emt 0:00:34] [#] White must now prevent ...Bc8.} 31. Rg1 $2 {[%emt 0:00:47] This move loses the game for White.} (31. g5 $1 $11) 31... Bc8 $19 32. Rh4 (32. Rf5 {was the crucial defense.}) 32... Be7 {[%emt 0:00:01] Black is clearly winning.} 33. Nb6 Bxh4 34. Nxc8 Bd8 35. Bf2 Kd7 36. Na7 Bb6 {[%emt 0:00:12] Weighted Error Value: White=0.50/Black=0.13 (very precise)} 0-1

[Event "15th Paleochora Open 2022"]
[Site "Paleochora"]
[Date "2022.07.17"]
[Round "1.7"]
[White "Kourkoulos-Arditis, Stamatis"]
[Black "Seretakis, Nikolas"]
[Result "1/2-1/2"]
[ECO "B76"]
[WhiteElo "2535"]
[BlackElo "2045"]
[Annotator "TA"]
[PlyCount "76"]
[EventDate "2022.07.17"]
[EventType "swiss"]
[EventCountry "GRE"]
[SourceTitle "playchess.com"]
[Source "ChessBase"]
[SourceQuality "1"]
[TimeControl "40/5400+30:900+30"]

1. e4 c5 2. Nf3 d6 3. d4 cxd4 4. Nxd4 Nf6 5. Nc3 g6 6. Be3 Bg7 7. f3 O-O 8. Qd2 Nc6 9. O-O-O Nxd4 10. Bxd4 Qa5 11. Kb1 e5 12. Be3 {[%emt 0:02:59] Threatens to win with Nb5. B76: Sicilian Dragon: Yugoslav Attack, 9 g4 and 9 0-0-0.} Be6 13. Nd5 (13. Qxd6 Bxa2+ $1 14. Nxa2 Rfd8 $11) 13... Qxd2 14. Nxf6+ {[%emt 0:00:05] White is slightly better.} Bxf6 15. Rxd2 Be7 16. Be2 f5 {[%emt 0:01:45] [#]} 17. exf5 $146 ({Predecessor:} 17. h4 f4 18. Bf2 Kg7 19. g3 fxg3 20. Bxg3 Rad8 21. c4 b6 22. Bf2 Rf4 23. Bg3 {½-½ (49) Mrvova,A-Horvath,M (2270) Trencin 1995}) 17... gxf5 18. f4 Rac8 19. Bf3 (19. Rg1 $14) 19... b6 $11 20. Re1 e4 21. Be2 d5 22. c3 Bf6 23. Bd1 Rcd8 24. Bb3 Kf7 25. Red1 Rg8 26. g3 h5 27. a4 ({White should play} 27. Bxd5 $11 Bxd5 28. Rxd5) 27... d4 $15 28. Bxe6+ Kxe6 29. cxd4 Kd5 30. Rc2 Rc8 31. Rdc1 Rxc2 32. Rxc2 $11 {[%emt 0:00:03][%cal Oa4a5][%mdl 4096] Endgame KRB-KRB} Rg7 (32... Bxd4 $2 33. Rd2 $18) 33. Rc8 Rd7 34. Rc2 ({Much weaker is} 34. Rf8 Bxd4 35. Bc1 Ke6 $17) (34. Kc1 $11) 34... Rd6 $17 (34... Bxd4 $2 35. Bxd4 Ke6 36. Rd2 $18) 35. b3 {[%emt 0:08:47] [#]} Rc6 $1 ({Of course not} 35... Bxd4 36. Rd2 Kc5 37. Rc2+ Kd5 38. Rd2 $11) 36. Rxc6 Kxc6 37. Kc2 Kd5 {[%emt 0:04:28][%mdl 1024] Black has strong compensation.} 38. Kc3 a6 {[%emt 0:02:06] Weighted Error Value: White=0.10 (very precise) /Black=0.05 (flawless)} 1/2-1/2

[Event "15th Paleochora Open 2022"]
[Site "Paleochora"]
[Date "2022.07.17"]
[Round "1.8"]
[White "Zografos, Achilleas"]
[Black "David, Alberto"]
[Result "0-1"]
[ECO "B10"]
[WhiteElo "2037"]
[BlackElo "2534"]
[Annotator "TA"]
[PlyCount "114"]
[EventDate "2022.07.17"]
[EventType "swiss"]
[EventCountry "GRE"]
[SourceTitle "playchess.com"]
[Source "ChessBase"]
[SourceQuality "1"]
[TimeControl "40/5400+30:900+30"]

1. e4 c6 2. c4 d5 3. exd5 cxd5 4. cxd5 Nf6 5. Nc3 Nxd5 6. Nf3 Nc6 7. Bb5 {[%emt 0:01:30] B10: Caro-Kann: 2 d3 and 2 c4.} g6 8. Qa4 Nb6 9. Qh4 {[%emt 0:02:57] The position is equal.} Bg7 10. d4 {[%emt 0:06:39] [#]} h6 $146 (10... O-O $5 ) ({Predecessor:} 10... O-O 11. Bxc6 bxc6 12. O-O Bf5 13. Bh6 e6 14. Bxg7 Qxh4 15. Nxh4 Kxg7 16. Nxf5+ gxf5 {½-½ (34) Kosteniuk,A (2546)-Gunina,V (2506) Chess.com INT 2019}) 11. O-O Bf5 12. Re1 e6 {[%emt 0:19:21] Against d5} 13. Qxd8+ Rxd8 14. Ne5 O-O 15. Bxc6 bxc6 16. Be3 g5 17. Nxc6 Rd7 18. Ne5 Rb7 19. b3 Rc8 20. Rac1 f6 21. Nf3 Bf8 $1 {[%emt 0:00:05] Strongly threatening ...Ba3.} 22. Nb5 {[%emt 0:05:28] [#] Against Ba3} (22. Nd1 $15) 22... Rxc1 $1 $17 23. Rxc1 Nd5 {[%emt 0:00:05] Inhibits Nc7.} 24. Nc3 Ba3 $36 {[%emt 0:07:51][%mdl 2048] Black is really pushing. Black is more active.} 25. Nxd5 Bxc1 {[%emt 0:00:04] A strong pair of Bishops.} 26. Nxf6+ Kf7 27. Bxc1 Kxf6 {[%emt 0:00:04][%mdl 4096] Endgame KRB-KBN} 28. d5 (28. h4 $142) 28... exd5 29. Bb2+ Kg6 30. Nd4 g4 {[%emt 0:10:15] Inhibits h3.} 31. Kf1 Re7 32. f3 gxf3 33. gxf3 Bd7 34. Kf2 Kh5 35. Ne2 Bb5 36. Nd4 Bd3 37. Ba3 Rc7 38. Ke3 {[%emt 0:01:05] [#]} (38. Bb4 $17 {might work better.}) 38... Bb1 $1 $19 39. Bd6 Rc3+ 40. Kf4 Bxa2 41. Ke5 $2 (41. b4) 41... Bxb3 {[%emt 0:02:56] ...a5 is the strong threat.} 42. Ke6 (42. Bb4 {was necessary.} Re3+ 43. Kf4) 42... Re3+ 43. Be5 Bd1 44. f4 Bg4+ 45. Kxd5 Kg6 {[%emt 0:00:08] Against f5+. Hoping for ...a5.} 46. Kc5 Bd7 {[%emt 0:00:35] White must now prevent ...a5.} 47. Kd6 Bg4 (47... Bh3 48. Nc6 a6) 48. Kc5 a5 {[%emt 0:00:55][%cal Ba7a5,Ba5a4,Ba4a3,Ba3a2][%mdl 32] And now ...a4 would win.} 49. Kb5 Ra3 50. Bd6 Bd7+ 51. Kc4 Rh3 52. Bc7 a4 {[%emt 0:00:05] Threatens to win with ...a3.} 53. Kb4 (53. f5+ $142 Bxf5 54. Bg3) 53... a3 {[%emt 0:00:09] ( -> ...a2). Black is clearly winning.} 54. Be5 a2 55. Nb3 Be6 56. Na1 Kf5 57. Nc2 Ke4 {[%emt 0:00:05] Weighted Error Value: White=0.52/Black=0.12 (very precise)} 0-1

[Event "15th Paleochora Open 2022"]
[Site "Paleochora"]
[Date "2022.07.17"]
[Round "1.9"]
[White "Stremavicius, Titas"]
[Black "Ribreau, Herve"]
[Result "1-0"]
[ECO "A30"]
[WhiteElo "2532"]
[BlackElo "2031"]
[Annotator "TA"]
[PlyCount "36"]
[EventDate "2022.07.17"]
[EventType "swiss"]
[EventCountry "GRE"]
[SourceTitle "playchess.com"]
[Source "ChessBase"]
[SourceQuality "1"]
[TimeControl "40/5400+30:900+30"]

1. c4 e6 2. g3 c5 3. Nf3 b6 4. Bg2 Bb7 5. O-O Nf6 6. Nc3 Be7 7. Re1 O-O 8. e4 d6 9. d4 cxd4 10. Nxd4 Qc8 11. b3 d5 $2 {[%emt 0:13:07] [#] A30: Symmetrical English: Double Fianchetto and Hedgehog.} (11... a6 $14) 12. exd5 $18 Bb4 {[%emt 0:00:21] [#]} 13. Bd2 $146 ({Predecessor:} 13. Bb2 exd5 14. Qf3 Ne4 15. Nf5 f6 16. a3 Bc5 17. Nxe4 dxe4 18. Qg4 g6 19. Nh6+ {1-0 (47) Guerlach,F (2005)-Arda,C (1871) Paris 2015}) 13... Bxc3 (13... Re8 $142 14. dxe6 Bxg2) 14. Bxc3 exd5 15. Nb5 Ne4 (15... Nbd7 {is a better defense.} 16. a4 d4) 16. Bb2 {[%emt 0:18:32] This bishop pair is nice.} Qf5 (16... f5 $142 17. cxd5 Na6) 17. Qd4 {[%emt 0:01:01][%csl Gb2][%cal Rd4g7] [#] Active counter play!} Nf6 18. Nd6 Qc8 {[%emt 0:02:24] Black did not feel at home in the position after the opening.  Weighted Error Value: White=0.25 (precise) /Black=1.13} 1-0

[Event "15th Paleochora Open 2022"]
[Site "Paleochora"]
[Date "2022.07.17"]
[Round "1.10"]
[White "Thelen, Thomas"]
[Black "Kelires, Andreas"]
[Result "0-1"]
[ECO "E16"]
[WhiteElo "2029"]
[BlackElo "2528"]
[Annotator "TA"]
[PlyCount "72"]
[EventDate "2022.07.17"]
[EventType "swiss"]
[EventCountry "GRE"]
[SourceTitle "playchess.com"]
[Source "ChessBase"]
[SourceQuality "1"]
[TimeControl "40/5400+30:900+30"]

1. d4 Nf6 2. c4 e6 3. Nf3 b6 4. g3 Bb7 5. Bg2 Bb4+ 6. Bd2 a5 7. O-O O-O 8. Bg5 Be7 9. Nc3 Ne4 10. Nxe4 {[%emt 0:09:04] E16: Queen's Indian: 4 g3 Bb7 5 Bg2 Bb4+.} Bxe4 11. Bxe7 Qxe7 12. Qd2 {[%emt 0:04:22] The position is equal.} d6 {[%emt 0:02:44] [#]} 13. b3 $146 ({Predecessor:} 13. Rac1 Nd7 14. Rfd1 f5 15. Qe3 Rae8 16. b3 h6 17. Nh4 Qf7 18. f3 Bb7 19. f4 Bxg2 20. Kxg2 {0-1 (54) Wan Kenobi,T (2494)-Carlsen,M (2837) Chess.com INT 2017}) 13... Nd7 14. a3 (14. Nh4 $5 Bxg2 15. Nxg2 $11) 14... h6 15. b4 (15. Nh4 $5 Bxg2 16. Nxg2 $11) 15... c6 16. Qe3 d5 17. c5 Rfb8 18. Rfc1 bxc5 19. bxc5 a4 20. Ne5 Nxe5 21. Bxe4 Nc4 ({Resist} 21... dxe4 22. dxe5 Qd8 23. Rd1 $16 (23. Qxe4 Qd5 $11)) 22. Rxc4 dxc4 23. Bxc6 Ra6 24. Be4 Ra7 25. Rc1 (25. Rd1 $11) 25... Rb3 $17 26. Qf4 (26. Qd2 $142) 26... g5 27. Qd2 Rxa3 {[%emt 0:01:52] White must now prevent ...Rb3.} 28. Rxc4 $2 {[%emt 0:00:49][%mdl 8192] This costs White the game.} (28. c6 $17) 28... Ra1+ $19 29. Kg2 a3 {[%emt 0:00:15] Inhibits Qb2.} 30. Qc3 (30. c6 {might work better.} Qc7 31. Qc2) 30... Rd1 {[%emt 0:00:05] [#] Threatens to win with ...a2.} 31. c6 Qc7 {[%emt 0:01:16] And now ...a2 would win.} 32. Qf3 a2 33. Qh5 a1=Q 34. Qxh6 Rg1+ 35. Kf3 g4+ (35... Ra3+ $142 36. Kg4 Qf4+ 37. Kh5 Qxe4 38. Qxg5+ Qg6+ 39. Qxg6+ fxg6+ 40. Kh4 Qa2 41. Rc5 Qd2 42. Rb5 Qxe2 43. c7 Rc1 44. Rg5 Qxf2 45. Rxg6+ Kf7 46. Rg4 Qxh2+ 47. Kg5 Ra5+ 48. d5 Rxd5+ 49. Kf4 Qf2+ 50. Ke4 Re1#) 36. Kxg4 f5+ {[%emt 0:00:13] Weighted Error Value: White=0.90/Black=0.20 (precise)} 0-1